Map: Eternal Empire LE

Players

Denver

  • Race: Zerg Zerg
  • League: Master
  • Spawn Location: 7:00

AGOElazer (Elazer) - Winner!

  • Race: Zerg Zerg
  • League: Master
  • Spawn Location: 1:00

VOD

Have the link to the VOD?

Description

Time

  • Played on: Jan. 14, 2020, 12:26 p.m.
  • Length: 11:27
Show
View Real Time Build Order
Export as new Build Order

Denver Zerg 

Build Orders: Hatch First 

Get SALT Encoding   

  12  0:00  Drone  
  13  0:12  Overlord  
  13  0:17  Drone  
  14  0:30  Drone x2  
  16  0:49  Hatchery  
  15  0:51  Drone  
  15  0:55  Drone  
  17  1:00  Drone  
  18  1:09  Extractor  
  17  1:14  Spawning Pool  
  17  1:18  Drone  
  17  1:21  Drone  
  18  1:29  Drone  
  19  1:38  Drone  
  20  1:49  Drone  
  21  2:00  Overlord  
  21  2:01  Queen x2  
  21  2:02  Zergling x2  
  26  2:09  Metabolic Boost  
  26  2:11  Drone  
  26  2:14  Drone  
  28  2:22  Drone x2  
  30  2:35  Hatchery  
  29  2:39  Drone  
  29  2:41  Drone  
  31  2:48  Drone x2  
  33  2:52  Baneling Nest  
  33  2:56  Overlord  
  32  2:59  Zergling x2  
  32  3:04  Overlord  
  33  3:06  Drone  
  33  3:10  Drone  
  33  3:12  Zergling x2  
  36  3:15  Zergling x2  
  36  3:16  Zergling x2  
  36  3:17  Drone  
  36  3:18  Drone  
  40  3:20  Drone  
  40  3:23  Evolution Chamber  
  40  3:25  Drone  
  41  3:29  Drone  
  41  3:33  Queen  
  44  3:35  Drone  
  45  3:42  Drone x2  
  45  3:43  Drone  
  45  3:47  Baneling x2  
  48  3:52  Drone x4  
  52  3:57  Drone x2  
  54  4:05  Lair  
  54  4:09  Drone x3  
  56  4:10  Roach Warren  
  56  4:15  Drone x2  
  56  4:16  Overlord  
  57  4:20  Overlord  
  57  4:27  Zerg Missile Weapons Level 1  
  57  4:32  Extractor x2  
  57  4:33  Overlord  
  57  4:34  Drone x3  
  57  4:35  Drone  
  57  4:36  Drone x2  
  61  4:42  Extractor, Drone x2  
  61  4:43  Drone  
  61  4:44  Overlord  
  61  4:45  Drone x3  
  66  4:50  Drone  
  67  4:56  Drone, Overlord  
  68  5:03  Glial Reconstitution  
  68  5:04  Roach  
  68  5:06  Overlord  
  68  5:09  Queen  
  68  5:11  Roach x3  
  68  5:12  Overlord  
  76  5:19  Roach x3  
  76  5:21  Overlord x3  
  82  5:23  Roach  
  88  5:28  Roach x3  
  88  5:30  Roach  
  88  5:33  Roach  
  94  5:44  Drone x3  
  94  5:45  Drone  
  94  5:47  Extractor  
  96  5:50  Roach x4  
  96  5:52  Hatchery  
  103  5:58  Roach  
  103  5:59  Nydus Network  
  103  6:01  Roach  
  106  6:04  Overlord  
  106  6:06  Drone x4  
  106  6:08  Overlord  
  110  6:12  Roach  
  110  6:13  Roach x2  
  116  6:20  Roach x3  
  116  6:21  Roach  
  124  6:28  Roach x4  
  130  6:35  Nydus Canal  
  130  6:37  Roach  
  130  6:38  Roach x4  
  133  6:42  Roach x2  
  133  6:45  Roach  
  139  6:52  Roach x5  
  147  6:55  Overlord  
  137  7:01  Roach  
  137  7:02  Roach x3  
  137  7:03  Queen  
  135  7:11  Roach x4  
  135  7:12  Roach  
  135  7:16  Roach x3  
  135  7:21  Overseer  
  139  7:24  Roach x3  
  129  7:30  Roach x3  
  129  7:32  Queen  
  133  7:40  Roach  
  133  7:41  Roach x5  
  131  7:47  Roach  
  131  7:48  Roach x3  
  131  7:49  Roach  
  129  7:55  Nydus Canal  
  123  8:00  Queen  
  123  8:02  Roach x4  
  121  8:08  Roach x3  
  125  8:13  Nydus Canal  
  125  8:16  Roach  
  125  8:17  Roach  
  121  8:23  Roach x3, Queen  
  121  8:24  Queen  
  119  8:32  Queen  
  111  8:34  Nydus Canal  
  111  8:37  Roach x5  
  115  8:44  Roach  
  115  8:45  Roach x3  
  113  8:49  Roach x2  
  115  8:58  Roach  
  115  8:59  Roach x4  
  119  9:08  Roach  
  119  9:09  Roach x5  
  119  9:11  Queen  
  119  9:13  Drone  
  119  9:14  Drone x3  
  119  9:17  Extractor, Nydus Canal  
  122  9:21  Drone  
  122  9:22  Drone x2  
  125  9:25  Spore Crawler, Unknown  
  125  9:26  Roach  
  125  9:30  Spore Crawler  
  124  9:37  Spore Crawler  
  124  9:38  Roach x4  
  129  9:40  Overlord  
  129  9:47  Overlord  
  129  9:50  Roach x4  
  137  9:54  Spore Crawler  
  136  10:02  Roach x5  
  136  10:03  Overlord  
  136  10:04  Overlord  
  145  10:07  Overlord  
  145  10:12  Ravager  
  145  10:13  Roach x3  
  152  10:15  Ravager x2  
  144  10:26  Roach x7  
  158  10:31  Roach x2  
  158  10:32  Overlord  
  158  10:34  Overlord  
  162  10:38  Overlord  
  162  10:40  Overlord  
  162  10:42  Overlord  
  162  10:48  Overlord  
  134  10:57  Roach  
  134  10:58  Roach x7  
  125  11:06  Roach x5  
Show
View Real Time Build Order
Export as new Build Order

AGOElazer Zerg - Winner!

Build Orders: Hatch First 

Get SALT Encoding   

  12  0:00  Drone  
  13  0:12  Overlord  
  13  0:17  Drone  
  14  0:30  Drone x2  
  16  0:48  Hatchery  
  15  0:52  Drone  
  15  0:55  Drone  
  17  0:59  Drone  
  18  1:09  Extractor  
  17  1:14  Spawning Pool  
  17  1:17  Drone  
  17  1:20  Drone  
  18  1:28  Drone  
  19  1:39  Drone  
  20  1:49  Drone  
  21  2:00  Drone  
  21  2:01  Queen x2, Overlord  
  26  2:09  Metabolic Boost  
  26  2:11  Drone  
  26  2:12  Zergling x2  
  28  2:22  Drone x2  
  30  2:33  Drone  
  30  2:35  Hatchery  
  30  2:41  Drone  
  30  2:43  Drone x2  
  33  2:53  Baneling Nest  
  33  2:55  Overlord  
  33  2:56  Drone  
  33  3:05  Zergling x2  
  34  3:06  Drone  
  34  3:09  Drone, Overlord  
  36  3:13  Queen  
  36  3:17  Zergling x2  
  36  3:19  Drone x2  
  41  3:20  Drone  
  41  3:23  Zergling x2  
  41  3:24  Zergling x2  
  44  3:29  Drone  
  44  3:30  Drone  
  44  3:31  Extractor  
  45  3:39  Drone  
  46  3:42  Drone x4  
  46  3:43  Drone  
  50  3:49  Drone  
  50  3:52  Drone x2  
  50  3:53  Evolution Chamber  
  50  3:55  Lair  
  52  3:56  Overlord  
  52  4:00  Drone  
  53  4:04  Drone x2  
  55  4:12  Drone, Roach Warren  
  55  4:14  Drone  
  55  4:16  Overlord  
  56  4:18  Drone x3  
  56  4:20  Drone  
  56  4:23  Drone  
  61  4:25  Drone  
  61  4:26  Drone x2  
  61  4:30  Overlord  
  64  4:33  Drone  
  64  4:34  Extractor  
  64  4:35  Extractor  
  64  4:36  Drone  
  64  4:40  Zerg Missile Weapons Level 1  
  64  4:41  Overlord  
  64  4:42  Drone  
  64  4:43  Pneumatized Carapace  
  65  4:48  Extractor  
  65  4:49  Extractor  
  65  4:50  Drone x3  
  65  4:52  Overlord  
  66  4:53  Roach x2  
  70  5:03  Spire  
  70  5:06  Drone x2  
  71  5:09  Drone x2, Overlord  
  71  5:10  Drone  
  71  5:12  Glial Reconstitution  
  74  5:16  Overseer  
  74  5:17  Drone x4  
  74  5:20  Drone x2  
  80  5:22  Overlord  
  80  5:24  Drone  
  81  5:30  Overlord  
  81  5:31  Roach x2  
  81  5:34  Roach x2  
  89  5:36  Overlord  
  89  5:39  Roach  
  93  5:43  Roach x2  
  93  5:46  Roach x2  
  93  5:48  Roach  
  101  5:51  Overlord  
  101  5:54  Roach x3  
  107  5:58  Roach x2  
  107  6:03  Roach x3  
  117  6:04  Overlord  
  117  6:08  Overlord  
  117  6:17  Mutalisk x5  
  127  6:21  Mutalisk  
  127  6:25  Overlord  
  129  6:28  Roach x3  
  129  6:31  Overlord  
  132  6:35  Roach x3  
  132  6:38  Overlord  
  138  6:43  Overlord  
  140  6:47  Roach x4  
  140  6:53  Roach x2  
  147  6:56  Queen  
  147  6:58  Roach  
  147  7:02  Overlord  
  147  7:05  Roach x5  
  154  7:11  Overlord  
  148  7:16  Zerg Missile Weapons Level 2  
  148  7:18  Roach x2  
  148  7:22  Roach  
  150  7:25  Roach  
  150  7:28  Roach  
  136  7:31  Roach  
  136  7:33  Queen x3  
  130  7:38  Roach x2  
  130  7:42  Roach  
  128  7:47  Roach  
  128  7:48  Roach x2  
  128  7:50  Roach x3  
  128  7:51  Roach  
  128  7:55  Roach  
  120  8:03  Roach x3  
  110  8:16  Roach x6  
  109  8:21  Roach x3  
  109  8:25  Roach x2, Queen  
  109  8:26  Queen  
  114  8:33  Roach  
  108  8:39  Roach  
  108  8:40  Roach x2  
  106  8:44  Roach x6  
  110  8:51  Roach x2  
  113  9:00  Roach x4  
  119  9:10  Roach x4  
  119  9:16  Overlord  
  117  9:20  Drone x2  
  119  9:26  Drone  
  120  9:32  Overlord  
  120  9:36  Roach x2  
  124  9:44  Drone  
  125  9:45  Overlord  
  125  9:46  Roach  
  125  9:47  Roach x6  
  125  9:51  Roach x3  
  145  9:54  Hatchery  
  145  9:55  Ravager x5  
  145  9:56  Ravager  
  145  9:59  Roach  
  154  10:00  Roach x2  
  154  10:02  Ravager x2  
  162  10:07  Roach x2  
  162  10:10  Roach  
  158  10:18  Roach x4  
  157  10:23  Roach x3  
  157  10:29  Roach x3  
  169  10:35  Roach x3  
  169  10:42  Roach x2  
  173  10:49  Roach x5  
  163  10:57  Roach x3  
  163  11:02  Roach x3  
Tags
 
Add a new tag
Caveats
  • Supply blocks, unpowered buildings, or Contaminate may cause inaccurate times.
  • Supply counts are checked every 10 seconds.